 Dungeon Crawl Stone Soup version 0.27.1-15-g792fb953b9 (webtiles) character file.

Game seed: 10672816536450613050

338 styxcanada the Covert (level 6, -3/30 HPs)
             Began as a Spriggan Brigand on Nov 20, 2021.
             Killed by divine providence
             ... invoked by an orc priest
              (9 damage)
             ... on level 4 of the Dungeon.
             The game lasted 00:15:52 (3571 turns).

styxcanada the Covert (Spriggan Brigand)            Turns: 3571, Time: 00:15:52

Health: -3/30      AC:  4    Str:  7    XL:     6   Next: 29%
Magic:  9/9        EV: 22    Int: 12    God:
Gold:   92         SH:  0    Dex: 19    Spells: 8/8 levels left

rFire    . . .     SeeInvis +   a - +2 dagger
rCold    . . .     Faith    .   (shield restricted)
rNeg     . . .     Spirit   .   b - +0 robe
rPois    .         Reflect  .   k - +1 hat
rElec    .         Harm     .   c - +0 cloak
rCorr    .         Rampage  .   (gloves unavailable)
Will     +....                  (boots unavailable)
Stlth    ++++......             (no amulet)
HPRegen  0.10/turn              o - +4 ring of evasion
MPRegen  0.11/turn              (no ring)

@: very quick
A: very small, no large weapons, unfitting armour, see invisible, speed 3
a: no special abilities


You were on level 4 of the Dungeon.
You visited 2 branches of the dungeon, and saw 5 of its levels.

You collected 92 gold pieces.

Inventory:

Hand Weapons
 a - a +2 dagger (weapon)
 n - a +1 hunting sling of freezing
Missiles
 d - 4 poisoned darts (quivered)
 e - 2 curare-tipped darts
 h - 29 stones
 i - 8 atropa-tipped darts
Armour
 b - a +0 robe (worn)
 c - a +0 cloak (worn)
 k - a +1 hat (worn)
Jewellery
 o - a +4 ring of evasion (left hand)
 q - a ring of magical power
Wands
 j - a wand of flame (10)
Scrolls
 l - a scroll of summoning
 m - 2 scrolls of teleportation
 r - a scroll of magic mapping
Potions
 f - a potion of degeneration {unknown}
 g - 4 potions of curing {unknown}
 p - 2 potions of cancellation {unknown}


   Skills:
 * Level 2.3 Fighting
 + Level 3.6 Short Blades
 + Level 2.5 Throwing
 * Level 3.1 Dodging
 * Level 9.0 Stealth
 * Level 1.5 Spellcasting


You had 8 spell levels left.
You didn't know any spells.
Your spell library contained the following spells:

 Spells                   Type           Power      Damage    Failure   Level
 Passwall                 Tmut/Erth      0%         N/A       41%         2
 Ozocubu's Armour         Ice            0%         N/A       65%         3
 Swiftness                Air            0%         N/A       65%         3
 Metabolic Englaciation   Hex/Ice        0%         N/A       100%        5
 Invisibility             Hex            0%         N/A       100%        6
 Simulacrum               Ice/Necr       0%         N/A       100%        6


Dungeon Overview and Level Annotations

Branches:
Dungeon (4/15)             Temple (1/1) D:4

Altars:
Ashenzari
Cheibriados
Elyvilon
Hepliaklqana
Makhleb
Nemelex Xobeh
Sif Muna
Trog
Wu Jian
Xom
Yredelemnul
Zin

Shops:
D:1 (

Annotations:
D:4 4 runed translucent doors


Innate Abilities, Weirdness & Mutations

You are very small and have problems with some larger weapons.
You are too small for most types of armour.
You have supernaturally acute eyesight. (SInv)
You cover ground extremely quickly. (Speed+++)


Message History

The orc wizard flickers and vanishes for a moment.
Throw: 5 darts (poison)
Press: ? - help, Q - select action, (/) - cycle Shift-Dir - straight line, f/p - orc wizard
Aim: an orc wizard, wielding a +0 dagger and wearing a +0 robe (lightly wounded, slightly transparent, 56% to hit)
You throw a poisoned dart. The poisoned dart hits the orc wizard.
The orc wizard is lightly wounded.
Throw: 4 darts (poison)
Press: ? - help, Q - select action, (/) - cycle Shift-Dir - straight line, f/p - orc wizard
Aim: an orc wizard, wielding a +0 dagger and wearing a +0 robe (lightly wounded, slightly transparent, 56% to hit)
You throw a poisoned dart.
The poisoned dart closely misses the orc wizard.
Throw: 3 darts (poison)
Press: ? - help, Q - select action, (/) - cycle Shift-Dir - straight line, f/p - orc wizard
Aim: an orc wizard, wielding a +0 dagger and wearing a +0 robe (lightly wounded, slightly transparent, 56% to hit)
You throw a poisoned dart. The poisoned dart hits the orc wizard.
The orc wizard is lightly wounded.
Throw: 2 darts (poison)
Press: ? - help, Q - select action, (/) - cycle Shift-Dir - straight line, f/p - orc wizard
Aim: an orc wizard, wielding a +0 dagger and wearing a +0 robe (lightly wounded, slightly transparent, 56% to hit)
You throw a poisoned dart. The poisoned dart hits the orc wizard!
The orc wizard is poisoned.
The orc wizard is lightly wounded.
You see here a poisoned dart.
d - 2 poisoned darts (gained 1)
The orc hits you with a +0 dagger.
* * * LOW HITPOINT WARNING * * *
You kill the orc wizard!
Your Stealth skill increases to level 9!
You see here 3 poisoned darts.
d - 5 poisoned darts (gained 3) Throw: 5 darts (poison)
Press: ? - help, Q - select action, (/) - cycle Shift-Dir - straight line, f - orc
Aim: an orc, wielding a +0 dagger (heavily wounded, 63% to hit)
You throw a poisoned dart. The poisoned dart hits the orc.
The orc is poisoned.
The orc is heavily wounded.
Things that are here:
a +0 club; a goblin corpse The orc priest invokes the aid of Beogh against you.
Beogh smites you!
You die...

........ ............# # .^^^...#
# .###.##.##.# # .^_^...#
#.##.##.# # .^^....# .......# #
......o# .##.##.# # #.....#
.##.##.. #....# .##.###. ####
####.#.##########....######.##8(=
#....).....o...o@...........#8...
#.##.#.##########....... ...+....
# #.#.# #.##.### ..+.... #.#.#
#######.##.# ##.#8... #.#.#
##.....#.##.# #..##8|D
#o#.###.8..#...##.# #...####
#.#...o...###..##.# #.......
#(####.8..#.#..##.# ##...##.
#(####(...'_#..##.# #.####.


You could see an orc priest and an orc (poisoned).

Vanquished Creatures
  A scorpion (D:4)
  A howler monkey (D:4)
  A hound (D:4)
  An orc wizard (D:4)
  Ijyb (D:4)
  Natasha (thrice) (D:2)
  2 adders (D:4)
  A gnoll (D:1)
  A worm (D:4)
  2 orcs
  5 endoplasms
  A giant cockroach (D:3)
  4 goblins
  4 hobgoblins
  7 jackals
  2 kobolds
  3 quokkas
  8 ball pythons
  4 bats (D:1)
  2 frilled lizards (D:1)
  2 rats (D:1)
56 creatures vanquished.

Notes
Turn   | Place    | Note
-------+----------+-------------------------------------------
     0 | D:1      | styxcanada the Spriggan Brigand began the quest for the
                  | Orb.
     0 | D:1      | Reached XP level 1. HP: 10/10 MP: 2/2
    38 | D:1      | Reached skill level 6 in Stealth
   182 | D:1      | Reached XP level 2. HP: 2/14 MP: 3/3
   587 | D:1      | Reached skill level 7 in Stealth
   792 | D:1      | Found Hopsas's Antique Weapon Shop.
   972 | D:1      | Reached XP level 3. HP: 18/18 MP: 4/4
  1416 | D:2      | Noticed Natasha
  1423 | D:2      | Killed Natasha
  1911 | D:2      | Noticed Natasha
  1920 | D:2      | Killed Natasha
  1921 | D:2      | Reached XP level 4. HP: 15/23 MP: 5/5
  1955 | D:2      | Noticed Natasha
  1965 | D:2      | Killed Natasha
  1966 | D:2      | Reached skill level 8 in Stealth
  2637 | D:3      | Found a faded altar of an unknown god.
  2843 | D:4      | Noticed Ijyb
  2845 | D:4      | Killed Ijyb
  2846 | D:4      | Reached XP level 5. HP: 26/26 MP: 6/6
  2871 | D:4      | Found a staircase to the Ecumenical Temple.
  2890 | Temple   | Entered the Ecumenical Temple
  3055 | D:4      | Found a large runed translucent door.
  3055 | D:4      | Found a large runed translucent door.
  3063 | D:4      | Noticed an orc warrior
  3064 | D:4      | Noticed a steam dragon
  3071 | D:4      | Found a large runed translucent door.
  3071 | D:4      | Found a large runed translucent door.
  3111 | D:4      | Reached skill level 1 in Spellcasting
  3207 | D:4      | Reached XP level 6. HP: 15/30 MP: 8/8
  3483 | D:4      | Found a glowing silver altar of Zin.
  3497 | D:4      | Found a shimmering altar of Xom.
  3561 | D:4      | Reached skill level 9 in Stealth
  3571 | D:4      | Killed from afar by an orc priest

Illustrated notes

Levels and vault maps discovered:
D:1:      tarquinn_simple_flora_water_a, layout_basic, serial_shops, shop
D:2:      layout_basic, minmay_misc_feat_rows, uniq_natasha
D:3:      layout_rooms, dreamdust_ecumenical_altar_hidden_monk_grotto
D:4:      layout_basic, grunt_temple_overflow_forces_of_nature,
          xom_teletrap_fun, zin_statuary, temple_pool_b, portal_sewer_entry_c,
          minmay_hollow_rounded_squares, uniq_ijyb
Temple:   eino_wide_crystal_templ

Skill      XL: |  1  2  3  4  5  6 |
---------------+-------------------+-----
Stealth        | 6 7 8 9 |  9.0
Dodging        | 2 3 |  3.1
Fighting       | 2 |  2.3
Short Blades   | 3 |  3.6
Spellcasting   | 1 |  1.5
Throwing       | |  2.5

Action                   |  1- 3 |  4- 6 || total
-------------------------+-------+-------++-------
Melee: Dagger            |    90 |   123 ||   213
Throw: Dart              |    14 |    21 ||    35
  Use: Scroll            |       |     9 ||     9
 Stab: Sleeping          |    11 |     6 ||    17
       Distracted        |       |     1 ||     1
Armor: Robe              |     8 |    22 ||    30
Dodge: Dodged            |    48 |   108 ||   156
